 Dungeon Crawl Stone Soup version 0.31.0-9-g3a7656b989 (webtiles) character file.

Game seed: 1049466074114229020

54 qw the Shooter (level 3, -5/18 HPs)
             Began as a Spriggan Hunter on Feb 2, 2024.
             Killed from afar by Sigmund (11 damage)
             ... with a magic dart
             ... on level 2 of the Dungeon.
             The game lasted 00:00:04 (909 turns).

qw the Shooter (Spriggan Hunter)                     Turns: 909, Time: 00:00:04

Health: -5/18      AC:  2    Str:  7    XL:     3   Next: 66%
Magic:  4/4        EV: 19    Int: 10    God:
Gold:   212        SH:  0    Dex: 20    Spells: 2/2 levels left

rFire   . . .        a - +0 shortbow
rCold   . . .        (shield currently unavailable)
rNeg    . . .        c - +0 robe
rPois   .            (helmet restricted)
rElec   .            (no cloak)
rCorr   .            (gloves unavailable)
SInv    +            (boots unavailable)
Will    .....        (no amulet)
Stlth   ++           (no ring)
HPRegen 0.23/turn    (no ring)
MPRegen 0.09/turn

%: no passive effects
@: very quick
A: very small, no large weapons, unfitting armour, see invisible, speed 3
a: no special abilities


You were on level 2 of the Dungeon.
You visited 1 branch of the dungeon, and saw 2 of its levels.

You collected 212 gold pieces.


Innate Abilities, Weirdness & Mutations

You are very small and have problems with some larger weapons.
You are too small for most types of armour.
You have supernaturally acute eyesight. (SInv)
You cover ground extremely quickly. (Speed+++)


   Skills:
 - Level 1.5 Fighting
 + Level 4.9 Ranged Weapons
 - Level 4.0 Dodging
 - Level 1.5 Stealth


You had 2 spell levels left.
You didn't know any spells.
Your spell library was empty.

Inventory:

Hand Weapons
 a - a +0 shortbow (weapon)
Armour
 c - a +0 robe (worn)
Jewellery
 d - a ring of magical power
 e - a ring of resist corrosion
Scrolls
 b - a scroll of teleportation
 g - 3 scrolls of enchant weapon {unknown}
Potions
 f - a potion of curing {unknown}

Dungeon Overview and Level Annotations

Branches:
Dungeon (2/15)

Altars:

Annotations:
D:2 Sigmund


Message History

The hobgoblin is heavily wounded.
The hobgoblin misses you.
An endoplasm comes into view.
You shoot an arrow.
The arrow hits the hobgoblin but does no damage.
The hobgoblin is heavily wounded.
You hear a shout!
The hobgoblin closely misses you.
Sigmund the Dreaded comes into view.
He is wielding a +0 scythe.
The endoplasm completely misses you. The hobgoblin barely misses you.
You shoot an arrow. The arrow closely misses the hobgoblin.
The hobgoblin hits you. The endoplasm freezes you.
You are frozen.
You shoot an arrow. The arrow closely misses the hobgoblin.
Sigmund completely misses you. The hobgoblin closely misses you.
The endoplasm freezes you.
You are frozen.
You shoot an arrow. The arrow hits the hobgoblin!
You kill the hobgoblin!
The endoplasm freezes you.
You are frozen.
Sigmund misses you.
You shoot an arrow. The arrow barely misses the endoplasm.
The endoplasm freezes you.
You are frozen.
You shoot an arrow. The arrow hits the endoplasm!
You kill the endoplasm!
Sigmund misses you.
You shoot an arrow. The arrow closely misses Sigmund.
Sigmund barely misses you.
You shoot an arrow. The arrow hits Sigmund.
Sigmund is lightly wounded.
Sigmund completely misses you.
You shoot an arrow. The arrow barely misses Sigmund.
You shoot an arrow. The arrow closely misses Sigmund.
Sigmund casts a spell at you. The magic dart hits you!
Ouch! That really hurt!
You die...
Sigmund begins carving another notch in his scythe.

# #.#.......#..... .........
###.#......#######
##..#####.. ................
..........<#
###.##..........
#...........#
....###.........
.............#
........##.###..###....
.##..#### .....#####..#
..>..##.. ....
....#######.####%.......##.#
..........#.>...@.# ...
....###.%.....###.# .. #####
#.#####.....@.. #.#
#..##..... ..# ........###
#... ......... ..##
........... ..# .........#..
.. ..........


You could see Sigmund.

Vanquished Creatures
  A gnoll (D:1)
  A dart slug (D:1)
  2 ribbon worms (D:2)
  6 bats
  4 endoplasms
  A giant cockroach (D:2)
  3 goblins (D:1)
  2 hobgoblins
  3 jackals (D:1)
  2 kobolds (D:1)
  A quokka (D:2)
  2 ball pythons (D:2)
  3 frilled lizards
  6 rats
37 creatures vanquished.

Notes
Turn   | Place    | Note
-------+----------+-------------------------------------------
     0 | D:1      | qw the Spriggan Hunter began the quest for the Orb.
     0 | D:1      | Reached XP level 1. HP: 10/10 MP: 2/2
     0 | D:1      | 0 ||| qw: Version: 0.3-a-155-g5e7d8dd
     0 | D:1      | 0 ||| qw: Game counter: 2440
     0 | D:1      | 0 ||| qw: Melee chars always use a shield: true
     0 | D:1      | 0 ||| qw: God list: Okawaru
     0 | D:1      | 0 ||| qw: Allow faded altars: false
     0 | D:1      | 0 ||| qw: Do Orc after clearing Dungeon:15 true
     0 | D:1      | 0 ||| qw: Do second Lair branch before Depths: true
     0 | D:1      | 0 ||| qw: Lair rune preference: random
     0 | D:1      | 0 ||| qw: Goals: Normal
     0 | D:1      | 0 ||| PLANNING D:1-11
    33 | D:1      | Reached skill level 3 in Dodging
   196 | D:1      | Found a faded altar of an unknown god.
   203 | D:1      | Reached XP level 2. HP: 14/14 MP: 3/3
   318 | D:1      | HP: 1/14 [gnoll/+0 flail (5)]
   388 | D:1      | Reached XP level 3. HP: 18/18 MP: 4/4
   631 | D:1      | 631 ||| DROPPING scarf of harm.
   632 | D:1      | 632 ||| READING scroll labelled LEALABB LEHUO.
   633 | D:1      | 633 ||| READING scroll labelled USTA WOUKHLO.
   637 | D:1      | 637 ||| DROPPING scroll of butterflies.
   900 | D:2      | Noticed Sigmund
   909 | D:2      | Killed from afar by Sigmund

Levels and vault maps discovered:
D:1:      amcnicky_arrival_choice, layout_basic,
          shapermc_ecumenical_altar_mp_urbaneastern, minmay_gold_behind_fungi,
          minmay_distorted
D:2:      layout_rooms, uniq_sigmund

Skill      XL: |  1  2 |
---------------+-------+-----
Dodging        | 3 4 |  4.0
Fighting       | |  1.5
Ranged Weapons | |  4.9
Stealth        | |  1.5

Action                     || total
---------------------------++-------
   Fire: Shortbow          ||   130
    Use: Scroll            ||     2
 Armour: Robe              ||    16
  Dodge: Dodged            ||    52

Table legend:
 A = Non-vault XP
 B = Vault XP
 C = Vault XP percentage of total XP
 D = Non-vault monster count
 E = Vault monster count
 F = Vault count percentage of total count
                 A         B        C        D         E       F
            +---------+---------+-------+---------+---------+-------
      Total |      74 |       4 |   5.1 |      35 |       2 |   5.4
            +---------+---------+-------+---------+---------+-------
        D:1 |      43 |       4 |   8.5 |      18 |       2 |  10.0
        D:2 |      31 |       0 |   0.0 |      17 |       0 |   0.0
            +---------+---------+-------+---------+---------+-------
